 Dungeon Crawl Stone Soup version 0.32-a0-18-g89e19f1974 (webtiles) character file.

Game seed: 16143068293762413772

1612 Morbidden the Ruffian (level 8, -3/74 HPs)
             Began as a Troll Shapeshifter on Jan 16, 2024.
             Was a Follower of Cheibriados.
             Slain by an orc warrior
             ... wielding a +0 war axe
              (16 damage)
             ... on level 7 of the Dungeon.
             The game lasted 00:06:10 (4045 turns).

Morbidden the Ruffian (Troll Shapeshifter)          Turns: 4045, Time: 00:06:11

Health: -3/74      AC:  4    Str: 27    XL:     8   Next: 63%
Magic:  9/9        EV: 10    Int:  8    God:    Cheibriados [*.....]
Gold:   380        SH:  5    Dex: 11    Spells: 10/10 levels left

rFire   + .          .
                       - Unarmed
rCold   . . .        (no shield)
rNeg    + . .        a - +0 animal skin
rPois   .            (helmet currently unavailable)
rElec   .            (cloak currently unavailable)
rCorr   .            (gloves unavailable)
SInv    .            (boots unavailable)
Will    .....        f - amulet of reflection
Stlth   +            w - ring of positive energy
HPRegen 1.12/turn    y - ring of protection from fire
MPRegen 0.11/turn

%: reflection
@: lethally poisoned (-3 -> -4), beast-form, very slow
A: beast (slay +2), large, unfitting armour, claws 3, regeneration 1, shaggy fur
1, tough skin 1
a: Begin Untransformation, Renounce Religion, Bend Time


You were on level 7 of the Dungeon.
You worshipped Cheibriados.
Cheibriados was aware of your devotion.
You were a hulking beast.
You visited 2 branches of the dungeon, and saw 10 of its levels.

You collected 380 gold pieces.

Inventory:

Missiles
 g - 61 stones (quivered)
 k - 5 poisoned darts
 q - a throwing net
 r - 5 javelins
Armour
 a - a +0 animal skin (worn)
Jewellery
 f - an amulet of reflection (around neck)
 n - a ring of resist corrosion
 w - a ring of positive energy (left claw)
 y - a ring of protection from fire (right claw)
Talismans
 c - a beast talisman
 d - a flux talisman
Wands
 v - a wand of quicksilver (4)
 x - a wand of digging (8)
 B - a wand of polymorph (6)
Scrolls
 e - 2 scrolls of enchant weapon {unknown}
 h - 3 scrolls of teleportation
 i - a scroll of torment {unknown}
 j - a scroll of blinking {unknown}
 m - a scroll of fog {unknown}
 o - 3 scrolls of noise {unknown}
 s - 5 scrolls of identify {unknown}
 t - a scroll of summoning {unknown}
 z - a scroll of silence {unknown}
 A - a scroll of poison {unknown}
Potions
 b - a potion of lignification
 l - a potion of cancellation {unknown}
 u - 2 potions of might {unknown}
 C - a potion of curing {unknown}


   Skills:
 * Level 2.9 Fighting
 * Level 2.5 Throwing
 * Level 3.1 Dodging
 + Level 0.3 Stealth
 + Level 0.6 Shields
 * Level 7.6 Unarmed Combat
 * Level 1.5 Spellcasting
 * Level 1.1 Invocations
 * Level 5.1 Shapeshifting


You had 10 spell levels left.
You didn't know any spells.
Your spell library contained the following spells:

 Spells                   Type           Power      Damage    Failure   Level
 Freeze                   Ice            0%         1d3       36%         1
 Necrotise                Necr           0%         1d4       36%         1
 Shock                    Conj/Air       0%         1d3       36%         1
 Frozen Ramparts          Ice            0%         1d1       75%         3
 Hailstorm                Conj/Ice       0%         3d5       75%         3
 Swiftness                Air            0%         N/A       75%         3
 Vampiric Draining        Necr           0%         2d6       75%         3
 Airstrike                Air            0%         2d(0-16)  98%         4
 Martyr's Knell           Necr/Summ      0%         N/A       98%         4
 Vhi's Electric Charge    Tloc/Air       0%         N/A       98%         4
 Arcjolt                  Conj/Air       0%         1d10      100%        5
 Curse of Agony           Necr           0%         N/A       100%        5
 Maxwell's Capacitive Co  Air            0%         ∞         100%        8


Dungeon Overview and Level Annotations

Branches:
Dungeon (9/15)             Temple (1/1) D:6
   Lair: D:8-11         Orc: D:9-12

Altars:
Ashenzari
Cheibriados
Dithmenos
Elyvilon
Fedhas
Gozag
Hepliaklqana
Kikubaaqudgha
Makhleb
Nemelex Xobeh
Okawaru
Qazlal
Ru
Sif Muna
Trog
Uskayaw
Vehumet
Wu Jian
Yredelemnul
Zin
The Shining One


Innate Abilities, Weirdness & Mutations

You are a hulking beast.
Your limbs bulge with bestial killing power. (Slay +2)
You are too large for most types of armour.
You have claws for hands.
Your natural rate of healing is unusually fast.
You are covered in fur. (AC +1)
You have tough skin. (AC +1)


Message History

You feel sick. You block the killer bee's attack. The killer bee stings you.
You mangle the killer bee!!
You kill the killer bee!
Cheibriados thoroughly appreciates the change of pace.
You can now bend time to slow others.
Cheibriados raises the support of your attributes as your movement slows.
You feel sick.
You claw the killer bee!
The killer bee is heavily wounded.
You feel sick. The killer bee stings you. x2
Unknown command.
You mangle the killer bee!!
You kill the killer bee!
Cheibriados thoroughly appreciates the change of pace.
You feel sick.
You closely miss something. Something hits you.
You mangle something!!
Cheibriados appreciates the change of pace.
Reactivating autopickup.
You feel a bit more experienced.
You feel sick.
You feel sick.
The orc warrior hits you with a +0 war axe!
* * * LOW HITPOINT WARNING * * *
Things that are here:
a +0 dagger; a +0 robe You scratch the orc warrior.
The orc warrior is lightly wounded.
The orc warrior barely misses you.
You mangle the orc warrior!!
The orc warrior is severely wounded.
You feel sick.
The orc warrior hits you with a +0 war axe.
* * * LOW HITPOINT WARNING * * *
An orc wizard comes into view. It is wielding a +0 dagger.
Unknown command.
You closely miss the orc warrior.
You claw the orc warrior, but do no damage.
The orc warrior is severely wounded.
The orc warrior hits you with a +0 war axe!
You die...

### ..# #.#
#.# #.# #.#
#.# #.# #h#
#o#
#.†........
....######.##
.....# .....
.... ..o #>#


You could see an orc warrior and an orc wizard.

Vanquished Creatures
  Sigmund (D:3)
  Menkaure (D:5)
  2 water moccasins (D:6)
  A sky beast (D:6)
  2 ogres
  3 bullfrogs
  6 killer bees (D:7)
  A bombardier beetle (D:5)
  A hound (D:5)
  A jelly (D:5)
  3 iguanas (D:6)
  2 orc wizards
  6 adders
  2 gnolls
  2 white imps
  2 ufetubi (D:4)
  5 dart slugs
  8 ribbon worms
  7 orcs
  7 ball pythons
  8 endoplasms
  2 giant cockroaches (D:1)
  5 goblins
  7 hobgoblins
  2 jackals (D:3)
  6 kobolds
  3 quokkas
  3 frilled lizards
  4 rats (D:1)
103 creatures vanquished.

Notes
Turn   | Place    | Note
-------+----------+-------------------------------------------
     0 | D:1      | Morbidden the Troll Shapeshifter began the quest for the
                  | Orb.
     0 | D:1      | Reached XP level 1. HP: 18/18 MP: 0/0
   282 | D:1      | Reached XP level 2. HP: 26/26 MP: 1/1
   319 | D:1      | Reached skill level 1 in Fighting
   495 | D:1      | Reached XP level 3. HP: 28/33 MP: 2/2
  1138 | D:2      | Reached XP level 4. HP: 41/41 MP: 3/3
  1306 | D:3      | Noticed Sigmund
  1430 | D:3      | Killed Sigmund
  1431 | D:3      | Reached skill level 1 in Throwing
  1431 | D:3      | Reached skill level 4 in Unarmed Combat
  1431 | D:3      | Reached XP level 5. HP: 20/48 MP: 4/4
  1856 | D:3      | Reached XP level 6. HP: 55/55 MP: 5/5
  2048 | D:4      | Reached skill level 5 in Unarmed Combat
  2111 | D:4      | Found an opulent altar of Gozag.
  2502 | D:5      | Entered Level 5 of the Dungeon
  2638 | D:5      | Found a hazy altar of Hepliaklqana.
  2714 | D:5      | Reached skill level 1 in Spellcasting
  2741 | D:5      | Reached XP level 7. HP: 62/62 MP: 7/7
  2877 | D:5      | Noticed Menkaure
  2888 | D:5      | Killed Menkaure
  3144 | D:5      | Reached skill level 6 in Unarmed Combat
  3433 | D:6      | Found an ornate altar of the Wu Jian Council.
  3588 | D:6      | Found a staircase to the Ecumenical Temple.
  3610 | Temple   | Entered the Ecumenical Temple
  3647 | Temple   | Became a worshipper of Cheibriados the Contemplative
  3685 | D:6      | Reached XP level 8. HP: 74/74 MP: 8/8
  3759 | D:6      | Reached skill level 7 in Unarmed Combat
  3904 | D:6      | You fall into a shaft and drop 3 floors!
  3972 | D:8      | Noticed a two-headed ogre
  4031 | D:7      | Reached skill level 5 in Shapeshifting
  4035 | D:7      | Reached skill level 1 in Invocations
  4037 | D:7      | Reached * piety under Cheibriados
  4045 | D:7      | Slain by an orc warrior

Illustrated notes

Levels and vault maps discovered:
D:1:      nzn_arrival_depleted_hourglass, layout_basic
D:2:      minmay_angry_zag, layout_basic
D:3:      layout_loops_cross, uniq_sigmund
D:4:      layout_rooms, nicolae_gozag_seed_capital
D:5:      layout_gridville, kennysheep_mini_moat, uniq_menkaure
D:6:      layout_loops_ring, nicolae_wu_jian_wuxing_cycle,
          minmay_temple_entry_statues_fountains, serial_shops, kennysheep_mini
D:7:      layout_loops_ring, ebering_ghost_rock_garden
D:8:      layout_basic, kennysheep_generic_room_14, uniq_psyche
D:9:      kennysheep_ambush_hall, layout_long_grid, regret_index_xom_of_box,
          david_orc_2, minivault_25_ag, serial_park_tiny_1
Temple:   dpeg_five_rooms_temple

Skill      XL: |  1  2  3  4  5  6  7  8 |
---------------+-------------------------+-----
Fighting       | 1 2 |  2.9
Dodging        | 2 3 |  3.1
Throwing       | 1 2 |  2.5
Unarmed Combat | 4 5 6 7 |  7.6
Shapeshifting  | 4 5 |  5.1
Spellcasting   | 1 |  1.5
Invocations    | 1 |  1.1
Stealth        | |  0.3
Shields        | |  0.6

Action                     |  1- 3 |  4- 6 |  7- 9 || total
---------------------------+-------+-------+-------++-------
  Melee: Unarmed           |    67 |   104 |    78 ||   249
         Punch             |     1 |     1 |     5 ||     7
  Throw: Stone             |       |       |    13 ||    13
    Use: Potion            |       |       |     4 ||     4
         Scroll            |       |       |     1 ||     1
   Stab: Sleeping          |     1 |     1 |       ||     2
 Armour: Animal skin       |    30 |    43 |    65 ||   138
         Skin              |       |       |     2 ||     2
  Dodge: Dodged            |    24 |    30 |    32 ||    86
  Block: Other             |     8 |    11 |    15 ||    34
         Reflection        |       |     2 |       ||     2

Table legend: (Time is in decaauts)
 A = Elapsed time spent in this place.
 B = Non-inter-level travel time spent in this place.
 C = Inter-level travel time spent in this place.
 D = Time resting spent in this place.
 E = Time spent auto-exploring this place.
 F = Levels seen in this place.
 G = Mean time per level.
                   A        B        C        D        E       F      G
               +--------+--------+--------+--------+--------+-----+--------+
         Total |   4087 |   3790 |    297 |    361 |   2727 |  10 |  408.7 |
       Dungeon |   4005 |   3788 |    217 |    361 |   2727 |   9 |  445.0 |
        Temple |     82 |      3 |     79 |      0 |      0 |   1 |   82.0 |
               +--------+--------+--------+--------+--------+-----+--------+

Top non-repeatable levels by time:
     D:5: 929 daAuts
     D:1: 776 daAuts
     D:3: 640 daAuts
     D:2: 607 daAuts
     D:4: 467 daAuts
     D:6: 420 daAuts
  Temple: 82 daAuts
     D:9: 57 daAuts
     D:8: 54 daAuts
     D:7: 53 daAuts
